 Dungeon Crawl Stone Soup version 0.29.1-13-g9f3cf754e1 (webtiles) character file.

Game seed: 8204921558858201926

452 Hrothgar the Sneak (level 6, -2/45 (50) HPs)
             Began as a Draconian Brigand on Feb 2, 2023.
             Was an Elder of Ignis.
             Slain by a wight
             ... wielding a +0 spear
              (6 damage)
             ... on level 7 of the Dungeon.
             The game lasted 00:16:22 (2859 turns).

Hrothgar the Sneak (Draconian Brigand)              Turns: 2859, Time: 00:16:25

HP:   -2/45 (50)    AC: 14    Str: 13    XL:     6   Next: 75%
MP:   8/8           EV: 12    Int: 13    God:    Ignis [****..]
Gold: 198           SH:  0    Dex: 19    Spells: 3/8 levels left

rFire   . . .      SeeInvis .   a - +2 dagger (freeze)
rCold   + . .      Faith    .   (no shield)
rNeg    . . .      Spirit   .   (body armour unavailable)
rPois   .          Reflect  .   (helmet restricted)
rElec   .          Harm     .   b - +0 cloak
rCorr   .          Rampage  .   (no gloves)
Will    .....                   (no boots)
Stlth   +++.......              n - amulet of magic regeneration
HPRegen 0.15/turn               e - ring of ice
MPRegen 0.51/turn               u - +6 ring of dexterity

@: fiery-armoured, heavily drained
A: AC +6, unfitting armour, cold-blooded
a: Renounce Religion, Fiery Armour, Foxfire Swarm, Rising Flame


You were on level 7 of the Dungeon.
You worshipped Ignis.
Ignis was greatly pleased with you.
You visited 1 branch of the dungeon, and saw 6 of its levels.

You collected 254 gold pieces.
You spent 56 gold pieces at shops.

Inventory:

Hand Weapons
 a - a +2 dagger of freezing (weapon)
 k - a +0 rapier
Missiles
 c - 9 poisoned darts (quivered)
 d - 3 curare-tipped darts
Armour
 b - a +0 cloak (worn)
Jewellery
 e - a ring of ice (left hand)
 n - an amulet of magic regeneration (around neck)
 u - a +6 ring of dexterity (right hand)
Scrolls
 j - a scroll of torment
Potions
 g - 2 potions of flight
 h - a potion of might {unknown}
 i - 2 potions of attraction
 l - 2 potions of cancellation
 o - 2 potions of brilliance {unknown}
 r - 2 potions of lignification {unknown}


   Skills:
 * Level 2.9 Fighting
 * Level 2.9 Short Blades
 * Level 2.8 Throwing
 * Level 2.1 Dodging
 * Level 4.8 Stealth
 * Level 1.6 Spellcasting
 * Level 2.2 Conjurations
 + Level 0.4 Hexes
 * Level 0.4 Transmutations
 + Level 0.4 Ice Magic
 * Level 1.5 Air Magic
 * Level 0.4 Earth Magic


You had 3 spell levels left.
You knew the following spells:

 Your Spells              Type           Power      Damage    Failure   Level
a - Shock                 Conj/Air       24%        1d4       12%         1
b - Ensorcelled Hibernat  Hex/Ice        6%         N/A       32%         2
c - Passwall              Tmut/Erth      1%         N/A       32%         2

Your spell library contained the following spells:

 Spells                   Type           Power      Damage    Failure   Level
 Swiftness                Air            5%         N/A       38%         3
 Airstrike                Air            2%         2d(1-17)  80%         4


Dungeon Overview and Level Annotations

Branches:
Dungeon (5/15)             Temple (0/1) D:5

Altars:
Yredelemnul
Ignis

Shops:
D:1 ?

Annotations:
D:4 2 transporters, cordialsnail's ghost, amateur HuIE


Innate Abilities, Weirdness & Mutations

Your plain brown scales are hard. (AC +6)
You cannot fit into any form of body armour.
You are cold-blooded and may be slowed by cold attacks.


Message History

The wight barely misses your butterfly. The cyclops hits your butterfly!!
Your butterfly dies!
Your butterfly disappears in a burst of colours!
You hit the wight but do no damage.
The wight is moderately damaged.
The wight hits you but does no damage.
You closely miss the iguana.
The wight hits you from afar with a +0 spear.
The wight hits you with a +0 falchion.
You feel drained. The iguana misses you.
Unknown command.
You hit the iguana but do no damage. The wight barely misses you.
The wight misses you. The iguana barely misses you.
The cyclops completely misses your butterfly.
You closely miss the iguana.
The wight hits you from afar with a +0 spear.
You feel drained. The iguana bites you.
You hit the iguana.
The iguana seems to slow down.
You freeze the iguana.
The iguana is lightly wounded.
The cyclops closely misses your butterfly.
The wight hits you but does no damage.
You barely miss the iguana.
The iguana is lightly wounded.
The iguana bites you.
The wight hits you from afar with a +0 spear.
You feel drained.
Unknown command.
A protective cloak of flame settles atop you.
The cyclops hits your butterfly!!
Your butterfly dies!
Your butterfly disappears in a burst of colours!
The cyclops hits you!
* * * LOW HITPOINT WARNING * * *
The cyclops is burned by your cloak of flames.
The cyclops is lightly wounded.
The iguana bites you.
* * * LOW HITPOINT WARNING * * *
The iguana is burned by your cloak of flames.
The iguana is heavily wounded.
The wight hits you from afar with a +0 spear.
You die...

#.#.#..#,.#.#.,****,*,*,
#.#..###,*.#),,*,*,*,**,
#...#####,*.#****,,,,,,,
#.#.###.#,#.#,**,,,****,
#.##.#..##.##,,****,**,,
#.........#.#,*,,,,,,,,,
#.#######.#.#.#,***+***,
#,#P.C.P#....#,,*,,,,,*,
*,#.###@#.##....#,***,*,
*,#.'$#Cl.#**##.#,*,*,*,
*,#.###z#z#,*,,,*,*+*,*,
*,#P...P#..#*,*,*,,,,,*,
*,#######.#.#**,*******,
*,,,,,,,......,,,,,,,,,,
*****,,,...,...,,,,,,,,,
****########********


You could see 2 cyclopes, an iguana (slow) and 2 wights.

Vanquished Creatures
  A black bear (D:5)
  A bullfrog (D:7)
  A killer bee (D:7)
  A hound (D:4)
  2 iguanas (D:5)
  9 gnolls
  2 adders
  2 worms
  4 dart slugs
  3 ball pythons
  2 bats
  2 endoplasms
  3 giant cockroaches
  6 goblins
  6 hobgoblins (D:2)
  2 jackals (D:1)
  6 kobolds
  6 quokkas
  A frilled lizard (D:2)
  6 rats
66 creatures vanquished.

Vanquished Creatures (others)
  21 foxfires (D:3)
21 creatures vanquished.

Grand Total: 87 creatures vanquished

Notes
Turn   | Place    | Note
-------+----------+-------------------------------------------
     0 | D:1      | Hrothgar the Draconian Brigand began the quest for the Orb.
     0 | D:1      | Reached XP level 1. HP: 17/17 MP: 1/1
   209 | D:1      | Reached skill level 1 in Dodging
   216 | D:1      | Reached XP level 2. HP: 20/24 MP: 2/2
   279 | D:1      | Found a faded altar of an unknown god.
   332 | D:1      | Prayed at the altar of an unknown god.
   332 | D:1      | Became a worshipper of Ignis, the Dying Flame
   517 | D:1      | Reached skill level 4 in Stealth
   605 | D:1      | Learned a level 1 spell: Shock
   794 | D:1      | Found Ryrchir's Magic Scroll Shoppe.
   802 | D:1      | Bought a scroll of identify for 28 gold pieces
   802 | D:1      | Bought a scroll of identify for 28 gold pieces
  1112 | D:2      | Reached XP level 3. HP: 30/30 MP: 3/3
  1866 | D:3      | Reached XP level 4. HP: 31/37 MP: 4/4
  2013 | D:4      | Found a transporter.
  2144 | D:4      | Learned a level 2 spell: Ensorcelled Hibernation
  2169 | D:4      | Found a transporter.
  2173 | D:4      | Noticed cordialsnail's ghost (amateur HuIE)
  2183 | D:4      | Reached skill level 1 in Spellcasting
  2188 | D:4      | Reached XP level 5. HP: 20/42 MP: 6/6
  2198 | D:4      | Reached skill level 1 in Air Magic
  2206 | D:4      | Reached skill level 1 in Conjurations
  2487 | D:5      | Entered Level 5 of the Dungeon
  2497 | D:5      | Found a staircase to the Ecumenical Temple.
  2500 | D:5      | Noticed a black bear
  2512 | D:5      | Killed a black bear
  2513 | D:5      | Reached XP level 6. HP: 49/50 MP: 3/8
  2526 | D:5      | Learned a level 2 spell: Passwall
  2756 | D:5      | Found a basalt altar of Yredelemnul.
  2768 | D:5      | You fall into a shaft and drop 2 floors!
  2842 | D:7      | Noticed a cyclops
  2842 | D:7      | Noticed a cyclops
  2859 | D:7      | Slain by a wight

Illustrated notes

Levels and vault maps discovered:
D:1:      sevenhm_arrival_forest_fort_large_2, layout_loops_ring, serial_shops,
          shop, hellmonk_ecumenical_altar_lost_god
D:2:      layout_loops_ring
D:3:      cheibrodos_helix_gallery, layout_loops_ring,
          mainiacjoe_overflow_tiny_flanked, gammafunk_ghost_cemetery,
          uniq_crazy_yiuf_cottage
D:4:      layout_rooms, gammafunk_ghost_mausoleum
D:5:      layout_loops_cross, mainiacjoe_overflow_chevrons,
          grunt_nemelex_the_gamble, minmay_temple_entry_offerings
D:7:      layout_basic, enter_bailey_2, serial_shops, shop, grunt_ministairs_12,
          roderic_lattice_a, minmay_shattered_shrine

Skill      XL: |  1  2  3  4  5 |
---------------+----------------+-----
Dodging        | 1 2 |  2.1
Stealth        | 4 |  4.8
Throwing       | 2 |  2.8
Spellcasting   | 1 |  1.6
Air Magic      | 1 |  1.5
Conjurations   | 2 |  2.2
Fighting       | |  2.9
Short Blades   | |  2.9
Hexes          | |  0.4
Transmutations | |  0.4
Ice Magic      | |  0.4
Earth Magic    | |  0.4

Action                   |  1- 3 |  4- 6 || total
-------------------------+-------+-------++-------
Melee: Dagger            |   102 |    81 ||   183
       Tailslap          |    14 |     8 ||    22
       Punch             |       |     2 ||     2
Throw: Dart              |    36 |     9 ||    45
 Cast: Shock             |     3 |     1 ||     4
       Ensorcelled Hiber |       |    12 ||    12
Invok: Fiery Armour      |       |     3 ||     3
       Foxfire Swarm     |       |     1 ||     1
  Use: Scroll            |     6 |     6 ||    12
       Potion            |       |     4 ||     4
 Stab: Sleeping          |     5 |     8 ||    13
Armor: Skin              |    34 |    37 ||    71
Dodge: Dodged            |    54 |    85 ||   139
